[ AOE2 MATCH · #513630055 ]
UnrankedRomans vs Khitans
Player's team · LOSS
Rival team · WIN
[ REPLAY ANALYSIS · EXTRACTED FROM THE RECORDED GAME ]
Feudal
8:53
Castle
22:22
Imperial
—
| APM avg | 54.9 |
| APM peak | 98 |
| eAPM avg | 27.5 |
| Villagers / military | 104 / 53 |
Focus
⚔️ 28.2% · 🌾 71.8%
Knight ×19 · Spearman ×16 · Centurion ×8 · Monk ×4 · Militia ×4 · Skirmisher ×2
Feudal
8:53
Castle
29:13
Imperial
—
| APM avg | 64.1 |
| APM peak | 97 |
| eAPM avg | 32.7 |
| Villagers / military | 74 / 65 |
Focus
⚔️ 62.1% · 🌾 37.9%
Scout Cavalry ×27 · Steppe Lancer ×15 · Archer ×7 · Spearman ×7 · Unknown (1920) ×5 · Fire Lancer ×4
Match map
Initial resources + every placement click. Lines = walls · curves = elevation contours. ◆ gold · ⬟ stone · ● berries · ✦ relic · ◌ wall gap
Your base· ✓ Closed at 22:22 · 33t walls · no gate
chubstorm's base· ✓ Closed at 29:13 · 80t walls · no gate
Smoothed initial terrain · ◌ = detected wall gap · hover for details
Inputs per minute
— Rye - - chubstorm
Build order — Rye
First 150 of 246 actions detected
| 0:00 | Queue | Villager (Male) |
| 0:01 | Queue | Villager (Male) |
| 0:02 | Build | House |
| 0:03 | Build | House |
| 0:09 | Queue | Villager (Male) |
| 0:11 | Queue | Villager (Male) |
| 1:43 | Queue | Villager (Male) |
| 1:43 | Queue | Villager (Male) |
| 1:56 | Queue | Villager (Male) |
| 1:57 | Queue | Villager (Male) |
| 2:11 | Build | Lumber Camp |
| 2:14 | Queue | Villager (Male) |
| 2:41 | Queue | Villager (Male) |
| 2:41 | Queue | Villager (Male) |
| 2:58 | Queue | Villager (Male) |
| 3:40 | Queue | Villager (Male) |
| 4:08 | Build | House |
| 4:12 | Queue | Villager (Male) |
| 4:12 | Queue | Villager (Male) |
| 4:48 | Queue | Villager (Male) |
| 5:08 | Queue | Villager (Male) |
| 5:24 | Queue | Villager (Male) |
| 5:39 | Build | Barracks |
| 5:50 | Build | House |
| 5:56 | Research | Loom |
| 6:35 | Research | Feudal Age |
| 7:04 | Queue | Militia |
| 7:04 | Queue | Militia |
| 7:16 | Queue | Villager (Male) |
| 7:26 | Queue | Militia |
| 7:35 | Build | Mill |
| 7:47 | Queue | Militia |
| 8:53 | Age | Feudal Age |
| 8:55 | Queue | Villager (Male) |
| 9:02 | Build | Archery Range |
| 9:11 | Research | Man-at-Arms (upgrade) |
| 9:14 | Queue | Villager (Male) |
| 9:20 | Queue | Villager (Male) |
| 9:28 | Build | House |
| 9:44 | Queue | Spearman |
| 9:54 | Queue | Villager (Male) |
| 10:01 | Queue | Skirmisher |
| 10:21 | Build | Palisade Wall |
| 10:22 | Build | House |
| 10:29 | Queue | Villager (Male) |
| 10:50 | Queue | Skirmisher |
| 10:54 | Queue | Villager (Male) |
| 10:57 | Queue | Spearman |
| 11:11 | Build | Palisade Wall |
| 11:52 | Queue | Villager (Male) |
| 12:05 | Build | Blacksmith |
| 12:11 | Build | House |
| 12:14 | Build | Farm |
| 12:14 | Build | Farm |
| 12:15 | Build | Farm |
| 12:15 | Build | Farm |
| 12:15 | Build | Farm |
| 12:18 | Queue | Villager (Male) |
| 12:22 | Build | Farm |
| 12:47 | Build | Farm |
| 12:54 | Build | Palisade Wall |
| 12:57 | Queue | Villager (Male) |
| 12:58 | Queue | Villager (Male) |
| 12:59 | Build | Farm |
| 13:19 | Build | Farm |
| 13:24 | Queue | Villager (Male) |
| 13:24 | Queue | Villager (Male) |
| 13:28 | Build | House |
| 13:33 | Build | Farm |
| 13:51 | Queue | Villager (Male) |
| 13:56 | Build | Palisade Wall |
| 13:57 | Queue | Villager (Male) |
| 14:05 | Build | Palisade Wall |
| 14:10 | Build | Palisade Wall |
| 14:10 | Queue | Villager (Male) |
| 14:11 | Queue | Villager (Male) |
| 14:14 | Build | Lumber Camp |
| 14:25 | Build | Palisade Wall |
| 14:27 | Queue | Villager (Male) |
| 14:40 | Queue | Villager (Male) |
| 14:50 | Queue | Villager (Male) |
| 14:54 | Build | Palisade Wall |
| 15:03 | Queue | Spearman |
| 15:12 | Build | Mining Camp |
| 15:28 | Research | Scale Mail Armor |
| 15:41 | Build | Farm |
| 15:43 | Queue | Spearman |
| 15:46 | Queue | Villager (Male) |
| 16:00 | Build | Farm |
| 16:04 | Queue | Spearman |
| 16:10 | Build | Palisade Wall |
| 16:13 | Build | Farm |
| 16:15 | Queue | Villager (Male) |
| 16:32 | Queue | Villager (Male) |
| 16:35 | Build | Farm |
| 16:59 | Build | Archery Range |
| 17:05 | Build | Stable |
| 17:17 | Queue | Villager (Male) |
| 18:01 | Queue | Villager (Male) |
| 18:09 | Build | Market |
| 18:14 | Queue | Spearman |
| 18:19 | Queue | Villager (Male) |
| 18:23 | Build | Farm |
| 18:29 | Queue | Spearman |
| 18:47 | Queue | Spearman |
| 18:51 | Build | Farm |
| 18:51 | Queue | Villager (Male) |
| 19:04 | Build | Watch Tower |
| 19:07 | Queue | Spearman |
| 19:18 | Queue | Villager (Male) |
| 19:42 | Research | Castle Age |
| 19:46 | Queue | Spearman |
| 20:05 | Queue | Villager (Male) |
| 20:12 | Build | House |
| 20:25 | Build | Watch Tower |
| 20:38 | Build | Lumber Camp |
| 21:02 | Queue | Spearman |
| 21:02 | Queue | Spearman |
| 21:11 | Queue | Villager (Male) |
| 21:16 | Queue | Spearman |
| 21:18 | Queue | Villager (Male) |
| 21:25 | Queue | Villager (Male) |
| 21:30 | Queue | Villager (Male) |
| 21:40 | Queue | Villager (Male) |
| 22:02 | Queue | Villager (Male) |
| 22:22 | Age | Castle Age |
| 22:28 | Build | Lumber Camp |
| 22:31 | Queue | Knight |
| 22:31 | Queue | Knight |
| 22:32 | Queue | Villager (Male) |
| 22:39 | Queue | Knight |
| 22:52 | Queue | Villager (Male) |
| 22:53 | Queue | Villager (Male) |
| 23:00 | Queue | Knight |
| 23:01 | Queue | Knight |
| 23:07 | Queue | Villager (Male) |
| 23:20 | Build | House |
| 23:45 | Queue | Villager (Male) |
| 23:49 | Build | Farm |
| 23:49 | Build | Farm |
| 23:54 | Queue | Villager (Male) |
| 24:02 | Build | House |
| 24:17 | Build | Town Center |
| 24:22 | Queue | Villager (Male) |
| 24:26 | Build | Mining Camp |
| 24:45 | Queue | Villager (Male) |
| 24:57 | Queue | Villager (Male) |
| 24:59 | Build | Farm |
| 25:10 | Queue | Villager (Male) |
| 25:14 | Build | Monastery |
Build order — chubstorm
First 150 of 260 actions detected
| 0:01 | Queue | Villager (Male) |
| 0:02 | Build | House |
| 0:03 | Build | House |
| 0:04 | Queue | Villager (Male) |
| 0:29 | Queue | Villager (Male) |
| 0:30 | Queue | Villager (Male) |
| 1:34 | Queue | Villager (Male) |
| 1:35 | Queue | Villager (Male) |
| 1:50 | Queue | Villager (Male) |
| 2:22 | Build | Lumber Camp |
| 2:25 | Queue | Villager (Male) |
| 2:25 | Queue | Villager (Male) |
| 2:42 | Queue | Villager (Male) |
| 2:42 | Queue | Villager (Male) |
| 3:19 | Queue | Villager (Male) |
| 3:19 | Queue | Villager (Male) |
| 3:27 | Build | House |
| 3:48 | Queue | Villager (Male) |
| 4:00 | Queue | Villager (Male) |
| 4:43 | Queue | Villager (Male) |
| 4:52 | Build | Mill |
| 5:28 | Queue | Villager (Male) |
| 5:28 | Queue | Villager (Male) |
| 5:33 | Research | Loom |
| 6:21 | Build | House |
| 6:23 | Build | Palisade Wall |
| 6:23 | Build | Palisade Wall |
| 6:24 | Build | Palisade Wall |
| 6:44 | Research | Feudal Age |
| 7:42 | Build | Barracks |
| 8:03 | Build | Palisade Wall |
| 8:07 | Build | Palisade Wall |
| 8:12 | Build | Palisade Wall |
| 8:15 | Build | Palisade Wall |
| 8:15 | Build | Palisade Wall |
| 8:19 | Build | Palisade Wall |
| 8:20 | Build | Palisade Wall |
| 8:20 | Build | Palisade Wall |
| 8:24 | Build | Palisade Wall |
| 8:24 | Build | Palisade Wall |
| 8:25 | Build | Palisade Wall |
| 8:52 | Queue | Villager (Male) |
| 8:53 | Age | Feudal Age |
| 8:59 | Build | Stable |
| 9:23 | Build | Palisade Wall |
| 9:25 | Queue | Villager (Male) |
| 9:29 | Build | Palisade Wall |
| 9:31 | Build | Palisade Wall |
| 9:38 | Build | Palisade Wall |
| 9:44 | Queue | Scout Cavalry |
| 9:48 | Build | Blacksmith |
| 9:57 | Queue | Villager (Male) |
| 10:00 | Build | House |
| 10:15 | Queue | Scout Cavalry |
| 10:25 | Queue | Villager (Male) |
| 10:31 | Build | Pasture |
| 10:34 | Research | Forging |
| 10:42 | Queue | Villager (Male) |
| 11:04 | Build | Pasture |
| 11:11 | Queue | Villager (Male) |
| 11:40 | Build | House |
| 11:50 | Queue | Scout Cavalry |
| 11:59 | Queue | Villager (Male) |
| 12:10 | Queue | Scout Cavalry |
| 12:23 | Build | Pasture |
| 12:28 | Queue | Villager (Male) |
| 12:32 | Build | Palisade Wall |
| 12:52 | Build | Palisade Wall |
| 12:55 | Queue | Villager (Male) |
| 13:00 | Build | Pasture |
| 13:10 | Queue | Scout Cavalry |
| 13:27 | Queue | Villager (Male) |
| 13:48 | Queue | Villager (Male) |
| 13:55 | Queue | Villager (Male) |
| 14:08 | Queue | Villager (Male) |
| 14:09 | Build | Pasture |
| 14:09 | Build | Pasture |
| 14:11 | Build | Pasture |
| 14:24 | Build | Pasture |
| 14:35 | Queue | Villager (Male) |
| 14:45 | Build | Palisade Wall |
| 14:49 | Queue | Scout Cavalry |
| 14:53 | Build | House |
| 14:57 | Build | House |
| 15:09 | Build | House |
| 15:12 | Queue | Villager (Male) |
| 15:28 | Build | Pasture |
| 15:33 | Queue | Scout Cavalry |
| 15:55 | Queue | Scout Cavalry |
| 16:01 | Queue | Villager (Male) |
| 16:01 | Queue | Villager (Male) |
| 16:34 | Queue | Villager (Male) |
| 16:36 | Build | Archery Range |
| 16:49 | Build | Palisade Wall |
| 16:54 | Queue | Scout Cavalry |
| 17:03 | Build | Mining Camp |
| 17:06 | Queue | Villager (Male) |
| 17:06 | Queue | Scout Cavalry |
| 17:11 | Build | Palisade Wall |
| 17:14 | Build | Palisade Wall |
| 17:19 | Queue | Archer |
| 17:19 | Queue | Archer |
| 17:28 | Build | Palisade Wall |
| 18:07 | Build | Watch Tower |
| 18:10 | Queue | Villager (Male) |
| 18:10 | Queue | Villager (Male) |
| 18:11 | Queue | Scout Cavalry |
| 18:12 | Queue | Scout Cavalry |
| 18:22 | Queue | Villager (Male) |
| 18:25 | Queue | Skirmisher |
| 18:50 | Queue | Scout Cavalry |
| 18:57 | Build | Watch Tower |
| 19:03 | Queue | Archer |
| 19:18 | Queue | Villager (Male) |
| 19:33 | Build | Watch Tower |
| 19:48 | Research | Fletching |
| 19:50 | Queue | Villager (Male) |
| 19:51 | Build | Palisade Wall |
| 19:55 | Build | Pasture |
| 19:57 | Queue | Villager (Male) |
| 20:01 | Build | Pasture |
| 20:24 | Build | House |
| 20:29 | Build | Pasture |
| 20:30 | Queue | Scout Cavalry |
| 20:41 | Queue | Archer |
| 20:41 | Queue | Archer |
| 20:42 | Build | House |
| 21:18 | Queue | Villager (Male) |
| 21:21 | Build | Pasture |
| 21:28 | Build | Pasture |
| 21:29 | Queue | Villager (Male) |
| 21:39 | Queue | Villager (Male) |
| 21:43 | Build | Mining Camp |
| 21:50 | Queue | Scout Cavalry |
| 21:55 | Queue | Archer |
| 22:19 | Queue | Villager (Male) |
| 22:25 | Queue | Spearman |
| 22:26 | Queue | Spearman |
| 22:28 | Build | Palisade Wall |
| 22:29 | Build | Palisade Wall |
| 22:30 | Queue | Villager (Male) |
| 22:33 | Build | Palisade Wall |
| 22:35 | Build | Palisade Wall |
| 22:37 | Queue | Villager (Male) |
| 22:42 | Build | Pasture |
| 22:43 | Queue | Scout Cavalry |
| 23:10 | Queue | Archer |
| 23:11 | Queue | Spearman |
| 23:12 | Queue | Scout Cavalry |
| 23:31 | Build | Lumber Camp |
Match timeline
| 5:39 | Rye · first_building Barracks |
| 6:23 | chubstorm · wall_segment Palisade Wall x1 |
| 6:23 | chubstorm · wall_segment Palisade Wall x1 |
| 6:24 | chubstorm · wall_segment Palisade Wall x1 |
| 7:42 | chubstorm · first_building Barracks |
| 8:03 | chubstorm · wall_segment Palisade Wall x1 |
| 8:07 | chubstorm · wall_segment Palisade Wall x1 |
| 8:12 | chubstorm · wall_segment Palisade Wall x1 |
| 8:15 | chubstorm · wall_segment Palisade Wall x1 |
| 8:15 | chubstorm · wall_segment Palisade Wall x1 |
| 8:19 | chubstorm · wall_segment Palisade Wall x1 |
| 8:20 | chubstorm · wall_segment Palisade Wall x1 |
| 8:20 | chubstorm · wall_segment Palisade Wall x1 |
| 8:24 | chubstorm · wall_segment Palisade Wall x1 |
| 8:24 | chubstorm · wall_segment Palisade Wall x1 |
| 8:25 | chubstorm · wall_segment Palisade Wall x1 |
| 8:53 | Rye · age_up feudal |
| 8:53 | chubstorm · age_up feudal |
| 8:59 | chubstorm · first_building Stable |
| 9:02 | Rye · first_building Archery Range |
| 9:23 | chubstorm · wall_segment Palisade Wall x1 |
| 9:29 | chubstorm · wall_segment Palisade Wall x1 |
| 9:31 | chubstorm · wall_segment Palisade Wall x1 |
| 9:38 | chubstorm · wall_segment Palisade Wall x1 |
| 10:21 | Rye · wall_segment Palisade Wall x3 |
| 11:11 | Rye · wall_segment Palisade Wall x4 |
| 12:32 | chubstorm · wall_segment Palisade Wall x2 |
| 12:52 | chubstorm · wall_segment Palisade Wall x1 |
| 12:54 | Rye · wall_segment Palisade Wall x6 |
| 13:56 | Rye · wall_segment Palisade Wall x7 |
| 14:05 | Rye · wall_segment Palisade Wall x4 |
| 14:10 | Rye · wall_segment Palisade Wall x7 |
| 14:25 | Rye · wall_segment Palisade Wall x1 |
| 14:45 | chubstorm · wall_segment Palisade Wall x12 |
| 14:54 | Rye · wall_segment Palisade Wall x1 |
| 16:10 | Rye · wall_segment Palisade Wall x1 |
| 16:36 | chubstorm · first_building Archery Range |
| 16:49 | chubstorm · wall_segment Palisade Wall x5 |
| 17:05 | Rye · first_building Stable |
| 17:11 | chubstorm · wall_segment Palisade Wall x1 |
| 17:14 | chubstorm · wall_segment Palisade Wall x16 |
| 17:28 | chubstorm · wall_segment Palisade Wall x1 |
| 19:37 | Rye · first_market_buy 100 food |
| 19:51 | chubstorm · wall_segment Palisade Wall x3 |
| 20:17 | Rye · first_market_sell 100 wood |
| 22:22 | Rye · age_up castle |
| 22:28 | chubstorm · wall_segment Palisade Wall x1 |
| 22:29 | chubstorm · wall_segment Palisade Wall x1 |
| 22:33 | chubstorm · wall_segment Palisade Wall x4 |
| 22:35 | chubstorm · wall_segment Palisade Wall x13 |
| 24:21 | chubstorm · wall_segment Palisade Wall x1 |
| 24:51 | chubstorm · wall_segment Palisade Wall x1 |
| 24:52 | chubstorm · wall_segment Palisade Wall x1 |
| 25:14 | Rye · first_building Monastery |
| 29:13 | chubstorm · age_up castle |
| 29:15 | chubstorm · wall_segment Stone Wall x2 |
| 29:17 | chubstorm · wall_segment Stone Wall x1 |
| 29:17 | chubstorm · wall_segment Stone Wall x1 |
| 29:34 | chubstorm · first_building Monastery |
| 29:56 | chubstorm · wall_segment Stone Wall x1 |
| 30:18 | chubstorm · wall_segment Stone Wall x1 |
| 30:19 | chubstorm · wall_segment Stone Wall x1 |
| 30:21 | chubstorm · wall_segment Stone Wall x1 |
| 30:48 | chubstorm · first_market_sell 100 food |
| 31:40 | chubstorm · first_building Siege Workshop |
| 32:41 | Rye · first_building Castle |
| 32:49 | chubstorm · first_market_buy 100 stone |
| 33:09 | chubstorm · first_building Castle |
| 33:23 | chubstorm · wall_segment Palisade Wall x1 |
| 34:10 | chubstorm · wall_segment Palisade Wall x1 |
| 36:18 | Rye · resign |
[ AI ANALYSIS · 1 CREDIT ]
What really happened in this match?
Wolo.gg analyzes every decision: build order, eco, micro, common mistakes by bracket. Personalized analysis on WhatsApp or Discord in 30 seconds.
Civ guide
Romans
Perfil
Jugador #5808966